 Dungeon Crawl Stone Soup version 0.28-a0-794-gafe8c5f9e9 (webtiles) character file.

Game seed: 2705770995695008307

239 ragingrage the Poker (level 5, -3/41 HPs)
             Began as a Demonspawn Chaos Knight on Nov 5, 2021.
             Was a Plaything of Xom.
             Killed from afar by a steam dragon (11 damage)
             ... with a ball of steam
             ... on level 4 of the Dungeon.
             The game lasted 00:02:43 (3080 turns).

ragingrage the Poker (Demonspawn Chaos Knight)      Turns: 3080, Time: 00:02:43

Health: -3/41      AC:  7    Str: 13    XL:     5   Next: 79%
Magic:  5/5        EV:  8    Int: 13    God:    Xom [.*....]
Gold:   147        SH:  7    Dex: 13    Spells: 4/4 levels left

rFire   . . .      SeeInvis .   a - +0 spear (chaos)
rCold   . . .      Faith    .   l - +0 kite shield
rNeg    . . .      Spirit   .   b - +2 leather armour
rPois   .          Reflect  .   (no helmet)
rElec   .          Harm     .   (no cloak)
rCorr   .          Rampage  .   (no gloves)
Will    .....                   (no boots)
Stlth   +.........              (no amulet)
HPRegen 0.13/turn               (no ring)
MPRegen 0.09/turn               (no ring)

@: no status effects
A: yellow scales 1, foul stench 2
a: Renounce Religion


You were on level 4 of the Dungeon.
You worshipped Xom.
You were a plaything of Xom.
You visited 1 branch of the dungeon, and saw 4 of its levels.

You collected 147 gold pieces.

Inventory:

Hand Weapons
 a - a +0 spear of chaos (weapon)
Armour
 b - a +2 leather armour (worn)
 l - a +0 kite shield (worn)
Scrolls
 c - 2 scrolls of identify {unknown}
 e - a scroll of holy word {unknown}
 g - 2 scrolls of enchant armour {unknown}
 i - a scroll of brand weapon {unknown}
 j - 2 scrolls of blinking {unknown}
 k - 3 scrolls of magic mapping {unknown}
Potions
 d - 3 potions of haste {unknown}
 f - 2 potions of lignification {unknown}
 h - a potion of brilliance {unknown}
 m - 2 potions of cancellation {unknown}
 n - a potion of curing {unknown}


   Skills:
 - Level 3.0 Fighting
 * Level 6.0 Polearms
 - Level 1.7 Armour
 - Level 0.8 Dodging


You had 4 spell levels left.
You didn't know any spells.
Your spell library contained the following spells:

 Spells                   Type           Power      Damage    Failure   Level
 Blink                    Tloc           0%         N/A       99%         2
 Lesser Beckoning         Tloc           0%         N/A       100%        3
 Tukima's Dance           Hex            0%         N/A       100%        3
 Passage of Golubria      Tloc           0%         N/A       100%        4
 Manifold Assault         Tloc           0%         N/A       100%        5
 Yara's Violent Unravell  Hex/Tmut       0%         3d3       100%        5


Dungeon Overview and Level Annotations

Branches:
Dungeon (4/15)
 Temple: D:4-7

Altars:


Innate Abilities, Weirdness & Mutations

You are partially covered in yellow scales. (AC +2)
You sometimes emit foul miasma when damaged in melee.


Message History

Found a dagger.
Found a stone staircase leading down.
You reach to attack!
You hit the adder.
The adder evaporates and reforms as a steam dragon!
The steam dragon is lightly wounded.
You reach to attack!
You hit the steam dragon but do no damage.
The steam dragon is lightly wounded.
The steam dragon breathes steam at you. The ball of steam hits you!
You reach to attack!
You barely miss the steam dragon.
The steam dragon is lightly wounded.
You are engulfed in a cloud of scalding steam.
The steam dragon barely misses you. The steam dragon claws you.
You hit the steam dragon but do no damage.
The steam dragon is lightly wounded.
You are engulfed in a cloud of scalding steam.
You block the steam dragon's attack.
The steam dragon claws you but does no damage.
You are too injured to fight recklessly!
You are too injured to fight recklessly!
You are too injured to fight recklessly!
You are too injured to fight recklessly!
You are too injured to fight recklessly!
You are too injured to fight recklessly!
You are too injured to fight recklessly!
You are too injured to fight recklessly!
You're standing in a cloud of steam!
You're standing in a cloud of steam!
You hit the steam dragon. You burn the steam dragon.
The steam dragon is lightly wounded.
You are engulfed in a cloud of scalding steam.
* * * LOW HITPOINT WARNING * * *
The steam dragon bites you.
* * * LOW HITPOINT WARNING * * *
The steam dragon barely misses you. The steam dragon breathes steam at you.
The ball of steam hits you!
You die...
Xom howls with laughter!

####### #.......
#........# #........#
..> #........###....
####..........#....
##..................
##.....######........
#..<@§D.#####......#.
#.......##......#..).
#.................#
##........###........
#......### ###?###..
#.......# .#
#.......# # #.......#
##.....##


You could see a steam dragon (catching breath).

Vanquished Creatures
  An iguana (D:4)
  2 adders
  A worm (D:2)
  5 dart slugs
  An orc (D:3)
  5 bats
  4 endoplasms
  A giant cockroach (D:1)
  10 goblins
  4 hobgoblins
  8 jackals
  A quokka (D:1)
  5 ball pythons
  4 frilled lizards
  6 kobolds
  5 rats
63 creatures vanquished.

Vanquished Creatures (collateral kills)
  A necrophage (D:4)
  An iguana (D:4)
2 creatures vanquished.

Grand Total: 65 creatures vanquished

Notes
Turn   | Place    | Note
-------+----------+-------------------------------------------
     0 | D:1      | ragingrage the Demonspawn Chaos Knight began the quest for
                  | the Orb.
     0 | D:1      | Reached XP level 1. HP: 18/18 MP: 1/1
    79 | D:1      | Reached skill level 3 in Polearms
   127 | D:1      | Gained mutation: You may rarely emit foul miasma when
                  | damaged in melee. [demonic ancestry]
   127 | D:1      | Reached XP level 2. HP: 24/24 MP: 2/2
   205 | D:1      | XOM: smoke on damage
   507 | D:1      | XOM: potion effect (invisibility)
   511 | D:1      | Reached XP level 3. HP: 14/29 MP: 3/3
  1008 | D:2      | Reached skill level 4 in Polearms
  1276 | D:2      | Found a faded altar of an unknown god.
  1708 | D:2      | XOM: noise
  1755 | D:2      | XOM: divination: magic mapping
  1919 | D:3      | Gained mutation: You sometimes emit foul miasma when
                  | damaged in melee. [demonic ancestry]
  1919 | D:3      | Reached XP level 4. HP: 35/35 MP: 4/4
  2150 | D:3      | XOM: silly message
  2286 | D:3      | XOM: divination: magic mapping
  2308 | D:3      | XOM: silly message
  2460 | D:3      | XOM: noise
  2642 | D:4      | XOM: silly message
  2659 | D:4      | XOM: smoke on damage
  2667 | D:4      | XOM: confuse monster(s)
  2668 | D:4      | Reached skill level 5 in Polearms
  2904 | D:4      | Noticed an ogre
  2905 | D:4      | Noticed a wyvern
  2906 | D:4      | XOM: potion effect (brilliance)
  2968 | D:4      | Noticed a necrophage
  2972 | D:4      | XOM: cast spell 'Summon Hydra'
  2976 | D:4      | Killed a necrophage
  2977 | D:4      | Gained mutation: You are partially covered in yellow
                  | scales. (AC +2) [demonic ancestry]
  2977 | D:4      | Reached XP level 5. HP: 29/41 MP: 5/5
  2978 | D:4      | Reached skill level 6 in Polearms
  3067 | D:4      | Noticed a steam dragon
  3067 | D:4      | an adder changed into a steam dragon
  3080 | D:4      | Killed from afar by a steam dragon

Illustrated notes

Levels and vault maps discovered:
D:1:      dpeg_arrival_round_a, layout_rooms
D:2:      layout_basic, shapermc_ecumenical_altar_mp_vishouse
D:3:      layout_basic
D:4:      layout_rooms, nicolae_gozag_seed_capital

Skill      XL: |  1  2  3  4  5 |
---------------+----------------+-----
Polearms       | 3 4 5 6 |  6.0
Fighting       | |  3.0
Armour         | |  1.7
Dodging        | |  0.8

Action                   |  1- 3 |  4- 6 || total
-------------------------+-------+-------++-------
Melee: Spear             |   145 |    73 ||   218
 Stab: Invisible         |     2 |       ||     2
Armor: Leather armour    |    50 |    15 ||    65
Dodge: Dodged            |    78 |    19 ||    97
Block: Kite shield       |     6 |    15 ||    21

Table legend: (Time is in decaauts)
 A = Elapsed time spent in this place.
 B = Non-inter-level travel time spent in this place.
 C = Inter-level travel time spent in this place.
 D = Time resting spent in this place.
 E = Time spent auto-exploring this place.
 F = Levels seen in this place.
 G = Mean time per level.
                   A        B        C        D        E       F      G
               +--------+--------+--------+--------+--------+-----+--------+
         Total |   3086 |   2974 |    112 |     64 |   2434 |   4 |  771.5 |
       Dungeon |   3086 |   2974 |    112 |     64 |   2434 |   4 |  771.5 |
               +--------+--------+--------+--------+--------+-----+--------+

Top non-repeatable levels by time:
     D:2: 904 daAuts
     D:1: 890 daAuts
     D:3: 872 daAuts
     D:4: 418 daAuts
